 Dungeon Crawl Stone Soup version 0.30-a0-629-gd54f4be4f7 (webtiles) character file.

Game seed: 15956719602096734307

949 kae the Changer (level 7, -1/72 HPs)
             Began as a Demonspawn Transmuter on Jan 11, 2023.
             Engulfed by a steam dragon's steam (9 damage)
             ... on level 5 of the Dungeon on Jan 12, 2023.
             The game lasted 00:04:21 (3658 turns).

kae the Changer (Demonspawn Transmuter)             Turns: 3658, Time: 00:04:22

Health: -1/72      AC: 27    Str: 10    XL:     7   Next: 90%
Magic:  7/13       EV:  2    Int: 18    God:
Gold:   151        SH:  0    Dex: 14    Spells: 4/14 levels left

rFire   . . .      SeeInvis .      - Unarmed
rCold   . . .      Faith    .    (no shield)
rNeg    . . .      Spirit   .    (body armour currently unavailable)
rPois   +          Reflect  .    (helmet currently unavailable)
rElec   .          Harm     .    (cloak currently unavailable)
rCorr   .          Rampage  .    (gloves currently unavailable)
Will    .....      NoTele   +    (boots currently unavailable)
Stlth   +                        (no amulet)
HPRegen 0.32/turn                P - ring of poison resistance
MPRegen 0.13/turn                O - +4 ring of protection

@: tree-form, very slightly contaminated
A: stationary, stasis, torment immunity, boosted hp, (antennae 1), demonic
guardian 1, big brain 1
a: no special abilities


You were on level 5 of the Dungeon.
You were a tree.
You visited 1 branch of the dungeon, and saw 5 of its levels.

You collected 151 gold pieces.


Innate Abilities, Weirdness & Mutations

You are a tree.
Your roots penetrate the ground, keeping you stationary.
You cannot be teleported.
You are immune to unholy pain and torment.
Your maximum health is greatly increased.
Your equipment is partially melded.
((You have a pair of small antennae on your head.))
A weak demonic guardian rushes to your aid.
You have an unusually large brain. (Int +2)


   Skills:
 - Level 1.0 Fighting
 - Level 1.7 Dodging
 + Level 4.5 Unarmed Combat
 + Level 4.1 Spellcasting
 * Level 5.5 Transmutations
 * Level 3.1 Ice Magic
 - Level 0.5 Poison Magic


You had 4 spell levels left.
You knew the following spells:

 Your Spells              Type           Power      Damage    Failure   Level
a - Beastly Appendage     Tmut           46%        N/A       1%          1
b - Wereblood             Tmut           23%        N/A       2%          2
c - Spider Form           Tmut/Pois      14%        N/A       12%         3
d - Ice Form              Ice/Tmut       19%        N/A       24%         4

Your spell library contained the following spells:

 Spells                   Type           Power      Damage    Failure   Level


Inventory:

Missiles
 c - 37 stones
 f - 10 poisoned darts
 r - a boomerang
Armour
 a - a +1 robe (melded)
Magical Staves
 o - a staff of air {!a}
   (You found it on level 2 of the Dungeon)
 p - a staff of earth {!a}
   (You found it on level 3 of the Dungeon)
Jewellery
 O - a +4 ring of protection (right branch)
   (You found it on level 3 of the Dungeon)
 P - a ring of poison resistance (left branch)
   (You found it on level 1 of the Dungeon)
Scrolls
 e - 2 scrolls of teleportation {@r4}
 h - a scroll of fog {unknown}
 l - a scroll of enchant weapon {unknown}
 m - a scroll of noise {unknown}
 n - a scroll of blinking {!r}
 q - a scroll of torment {unknown}
 s - a scroll of poison {unknown}
 u - a scroll of amnesia {unknown}
 v - a scroll of enchant armour
 x - a scroll of identify {unknown}
Potions
 b - 2 potions of lignification {!q}
 d - a potion of flight {unknown}
 g - a potion of brilliance {unknown}
 i - a potion of magic {unknown}
 j - a potion of invisibility {unknown}
 k - a potion of berserk rage {unknown}
 t - 3 potions of mutation {unknown}
 w - a potion of haste {@q3}

Dungeon Overview and Level Annotations

Branches:
Dungeon (5/15) Zot: 26358
 Temple: D:4-7

Altars:
Kikubaaqudgha

Shops:
D:1

* #...........
#............ #
#............ ..
#............
#..###...........#
#..##............
$...............
########.##§5.........#
#.....#...§§♣D.<.......
#.........§##S.........
#.....<........#..##...
#....†...##...#..## .#
#.....##.###......
#....D# .# .......#
#.....# ...###.....
#####.# .#. .....
##.##.##


You could see a steam dragon (catching breath, ally target), an adder and a
friendly ufetubus (summoned).


Message History

Your transformation is almost over.
Your talons disappear.
You see here a +0 dagger.
There is a stone staircase leading down here. 😕 HP[+14] MP[+6]
You regained 14 hp, and now have 45/48 hp.
Your mp is fully restored (13).
You climb downwards.
There is a stone staircase leading up here. 😕 HP[+1]
Casting: Beastly Appendage (safe; 1% risk of failure)
Confirm with . or Enter, or press ? or * to list all spells.
The spell is quite dangerous to miscast (26% risk of failure)!
Continue anyway? [Y]es or [N]o only, please.
The spell is quite dangerous to miscast (26% risk of failure)!
Continue anyway?
You miscast Ice Form.
You are very lightly contaminated with residual magic.
Your limbs ache and wobble like jelly. 😕 MP[-4]
You lost 4 mp, and now have 9/13 mp.
Casting: Ice Form (quite dangerous; 26% risk of failure)
Confirm with . or Enter, or press ? or * to list all spells.
The spell is quite dangerous to miscast (26% risk of failure)!
Continue anyway? [Y]es or [N]o only, please.
The spell is quite dangerous to miscast (26% risk of failure)!
Continue anyway?
You turn into a creature of crystalline ice.
Your +1 robe melds into your body. 😕 HP[+9] MP[-4]
You now have 57 max hp (+9).
You regained 9 hp, and now have 55/57 hp.
You lost 4 mp, and now have 5/13 mp.
You punch the phantom! You freeze the phantom.
The phantom closely misses you. 😕 HP[+1]
You punch the phantom!
The phantom hits you but does no damage.
You punch the phantom!
You destroy the phantom!
Your Ice Magic skill increases to level 3!
You aren't carrying any items that you can evoke.
Unknown command. 😎 HP[+1]
Your hp is fully restored (57). 😎 MP[+1]
The steam dragon breathes steam at you. The ball of steam hits you!
The steam scalds you terribly! 😮 HP[-15]
You take 15 damage, and now have 42/57 hp.
MASSIVE DAMAGE!! (PAUSE)
You are engulfed in a cloud of scalding steam. 😮 HP[-8]
You take 8 damage, and now have 34/57 hp.
The gnoll barely misses you.
An adder comes into view.
You punch the gnoll! You freeze the gnoll.
The gnoll hits you with a +0 halberd. 😮 HP[-2]
You take 2 damage, and now have 32/57 hp.
You hit the gnoll. You freeze the gnoll.
The gnoll hits you but does no damage. 😮 HP[+1]
You punch the gnoll! You freeze the gnoll.
You kill the gnoll!
The steam dragon breathes steam at you. The ball of steam hits you!!
The steam scalds you terribly!
* * * LOW HITPOINT WARNING * * *
You see here a +0 halberd. 😱 HP[-19] MP[+1]
You take 19 damage, and now have 14/57 hp.
MASSIVE DAMAGE!! (PAUSE)
The adder is engulfed in a cloud of scalding steam.
Really quaff
b - 3 potions of lignification {!q}?
Really quaff the potion of lignification?
You warm up again.
Your +1 robe unmelds from your body.
You turn into a tree.
Your +1 robe melds into your body.
Your roots penetrate the ground.
The adder is engulfed in a cloud of scalding steam.
The steam dragon bites you but does no damage.
The steam dragon claws you but does no damage. 😨 HP[+5]
You now have 72 max hp (+15).
You regained 5 hp, and now have 19/72 hp.
You smack the steam dragon!
The adder bites you but does no damage.
The steam dragon bites you but does no damage.
The steam dragon claws you but does no damage.
You hit the steam dragon. The adder bites you but does no damage.
The steam dragon breathes steam at you. The ball of steam hits you!
* * * LOW HITPOINT WARNING * * *
A demonic guardian appears!
The adder bites you but does no damage. 😱 HP[-11]
You take 11 damage, and now have 8/72 hp.
You smack the steam dragon!
You are engulfed in a cloud of scalding steam.
The steam dragon bites you but does no damage.
The steam dragon claws you but does no damage.
Your ufetubus is engulfed in a cloud of scalding steam.
The adder bites you but does no damage.
Unknown command.
You barely miss the steam dragon.
You are engulfed in a cloud of scalding steam.
You die...

Skill      XL: |  1  2  3  4  5  6  7 |
---------------+----------------------+-----
Transmutations | 2 4 5 |  5.5
Unarmed Combat | 3 4 |  4.5
Spellcasting   | 3 4 |  4.1
Ice Magic      | 1 3 |  3.1
Fighting       | |  1.0
Dodging        | |  1.7
Poison Magic   | |  0.5

Action                   |  1- 3 |  4- 6 |  7- 9 || total
-------------------------+-------+-------+-------++-------
Melee: Unarmed           |    85 |   105 |    62 ||   252
       Kick              |    16 |     7 |       ||    23
       Headbutt          |    13 |     1 |       ||    14
       Punch             |     2 |     3 |       ||     5
 Cast: Beastly Appendage |    21 |     6 |     1 ||    28
       Spider Form       |     2 |    10 |     7 ||    19
       Wereblood         |       |     4 |     1 ||     5
       Ice Form          |       |       |     2 ||     2
  Use: Scroll            |     4 |       |       ||     4
       Potion            |       |       |     1 ||     1
 Stab: Sleeping          |       |     1 |       ||     1
Armor: Robe              |    16 |    14 |    13 ||    43
       Skin              |     1 |     7 |    23 ||    31
Dodge: Dodged            |    65 |    64 |    49 ||   178

Levels and vault maps discovered:
D:1:      lightli_molten_gateway, layout_basic, serial_shops,
          nicolae_lakefront_shop
D:2:      layout_loops_ring, kennysheep_minor_cross, uniq_sigmund, uniq_terence
D:3:      layout_loops_cross, minmay_checkerbox
D:4:      layout_rooms, general_overflow_altar
D:5:      layout_rooms, uniq_blork_the_orc, uniq_prince_ribbit1, uniq_duvessa

Notes
Turn   | Place    | Note
-------+----------+-------------------------------------------
     0 | D:1      | kae the Demonspawn Transmuter began the quest for the Orb.
     0 | D:1      | Reached XP level 1. HP: 15/15 MP: 3/3
     0 | D:1      | magus.rc [v1.11.3]
    31 | D:1      | Reached skill level 2 in Transmutations
   152 | D:1      | You fall into a shaft and drop 1 floor!
   227 | D:1      | Gained mutation: You have an unusually large brain. (Int
                  | +2) [demonic ancestry]
   227 | D:1      | Reached XP level 2. HP: 16/21 MP: 3/5
   420 | D:1      | Found Tidghey's Assorted Antiques.
   517 | D:1      | Reached skill level 3 in Unarmed Combat
   982 | D:2      | Reached XP level 3. HP: 26/26 MP: 3/6
   985 | D:2      | Learned a level 2 spell: Wereblood
   989 | D:2      | Learned a level 3 spell: Spider Form
  1025 | D:2      | Upgraded the game from 0.30-a0-626-gd6a5dd7a1f to
                  | 0.30-a0-629-gd54f4be4f7
  1025 | D:2      | magus.rc [v1.11.3]
  1050 | D:2      | Noticed Terence
  1063 | D:2      | Killed Terence
  1068 | D:2      | Reached skill level 3 in Transmutations
  1357 | D:2      | Noticed Sigmund
  1487 | D:2      | Killed Sigmund
  1488 | D:2      | Reached skill level 3 in Spellcasting
  1488 | D:2      | Reached skill level 4 in Transmutations
  1488 | D:2      | Reached XP level 4. HP: 32/32 MP: 4/8
  1488 | D:2      | Reached XP level 5. HP: 37/37 MP: 4/9
  1744 | D:2      | Identified the +5 plate armour of Greed {Stlth+}
  1956 | D:3      | Gained mutation: You have a pair of small antennae on your
                  | head. [demonic ancestry]
  1956 | D:3      | Reached XP level 6. HP: 28/40 MP: 5/10
  2133 | D:3      | magus.rc [v1.11.3]
  2164 | D:3      | Learned a level 4 spell: Ice Form
  2717 | D:4      | Reached skill level 4 in Unarmed Combat
  2799 | D:4      | Reached skill level 1 in Ice Magic
  2907 | D:4      | Found an ancient bone altar of Kikubaaqudgha.
  2954 | D:4      | Gained mutation: A weak demonic guardian rushes to your
                  | aid. [demonic ancestry]
  2954 | D:4      | Reached XP level 7. HP: 27/48 MP: 8/12
  3173 | D:4      | Reached skill level 5 in Transmutations
  3173 | D:4      | Reached skill level 2 in Ice Magic
  3434 | D:5      | Entered Level 5 of the Dungeon
  3434 | D:5      | Noticed Prince Ribbit
  3447 | D:4      | Killed Prince Ribbit
  3448 | D:4      | Reached skill level 4 in Spellcasting
  3555 | D:5      | Noticed a steam dragon
  3643 | D:5      | Reached skill level 3 in Ice Magic
  3652 | D:5      | HP: 14/57 [steam dragon/ball of steam (19)]
  3658 | D:5      | Engulfed by a steam dragon's steam

Vanquished Creatures
  Prince Ribbit (D:4)
  Sigmund (D:2)
  An ogre (D:4)
  A phantom (D:5)
  A scorpion (D:4)
  2 hounds (D:4)
  A jelly (D:4)
  An orc priest (D:4)
  Terence (D:2)
  3 orc wizards (D:3)
  3 gnolls (D:5)
  6 adders
  3 worms
  A dart slug (D:1)
  14 orcs
  7 endoplasms
  4 goblins
  5 hobgoblins
  2 jackals (D:1)
  4 kobolds
  3 quokkas
  7 ball pythons
  5 bats
  3 frilled lizards
  6 rats
86 creatures vanquished.

Table legend:
 A = Non-vault XP
 B = Vault XP
 C = Vault XP percentage of total XP
 D = Non-vault monster count
 E = Vault monster count
 F = Vault count percentage of total count
                 A         B        C        D         E       F
            +---------+---------+-------+---------+---------+-------
      Total |     837 |     520 |  38.3 |      79 |       7 |   8.1
            +---------+---------+-------+---------+---------+-------
        D:1 |      37 |       0 |   0.0 |      22 |       0 |   0.0
        D:2 |      30 |     267 |  89.9 |      11 |       2 |  15.4
        D:3 |     158 |       7 |   4.2 |      19 |       4 |  17.4
        D:4 |     444 |     246 |  35.7 |      22 |       1 |   4.3
        D:5 |     168 |       0 |   0.0 |       5 |       0 |   0.0
            +---------+---------+-------+---------+---------+-------

Illustrated notes

Table legend:
 A = Kills in this place as a percentage of kills in entire the game.
 B = Kills by you in this place as a percentage of kills by you in the entire game.
 C = Kills by friends in this place as a percentage of kills by friends in the entire game.
 D = Other kills in this place as a percentage of other kills in the entire game.
 E = Experience gained in this place as a percentage of experience gained in the entire game.
 F = Experience gained in this place divided by the number of levels of this place that you have seen.
                   A       B       C       D       E      F
               +-------+-------+-------+-------+-------+----------------------
         Total | 100.0 | 100.0 |   N/A |   N/A | 100.0 | 271.4
       Dungeon | 100.0 | 100.0 |   N/A |   N/A | 100.0 | 271.4
               +-------+-------+-------+-------+-------+----------------------

Table legend: (Time is in decaauts)
 A = Elapsed time spent in this place.
 B = Non-inter-level travel time spent in this place.
 C = Inter-level travel time spent in this place.
 D = Time resting spent in this place.
 E = Time spent auto-exploring this place.
 F = Levels seen in this place.
 G = Mean time per level.
                   A        B        C        D        E       F      G
               +--------+--------+--------+--------+--------+-----+--------+
         Total |   3642 |   3478 |    164 |    143 |   2660 |   5 |  728.4 |
       Dungeon |   3642 |   3478 |    164 |    143 |   2660 |   5 |  728.4 |
               +--------+--------+--------+--------+--------+-----+--------+

Top non-repeatable levels by time:
     D:1: 903 daAuts
     D:3: 898 daAuts
     D:2: 889 daAuts
     D:4: 889 daAuts
     D:5: 61 daAuts
